AoeStats
← AiM | CaballeroTemplario

Nomad

510879361Analyzed
3v3 RM · 22h ago on Oct 2, 2026· 39m 15s· 6 players
Game mode
Random Map
Map size
210×210
Population
200
Speed
Normal
Resources
Standard
Victory
Conquest
Starting age
Dark Age
Ending age
Imperial Age
RankedLock teamsTeams togetherTeam positionsShared explorationLock speedFull tech treeHidden civsTurbo modeCheats
Victory
Defeat
🇨🇳 Huns · China
1695
+9
1515
+15
🇮🇳 Ethiopians · India
1507
+15
1558
-15
🇷🇴 Tatars · Romania
1491
-12
🇺🇸 Teutons · United States
1484
-12
YYQ
4:30 Loom
12:49 Feudal Age
17:09 Castle Age
14:56 Double-Bit Axe
15:40 Gold Mining
16:23 Fishing Lines
17:24 Bloodlines
18:18 Scale Barding Armor
18:25 Bow Saw
19:43 Horse Collar
22:26 Forging
24:34 Chain Barding Armor
29:27 Wheelbarrow
31:36 Imperial Age
28:52 Town Watch
29:12 Gillnets
30:33 Heavy Plow
31:43 Iron Casting
31:50 Gold Shaft Mining
32:07 Hand Cart
33:10 Plate Barding Armor
32:56 Marauders
35:48 Two-Man Saw
35:03 Husbandry
37:00 Blast Furnace
37:04 Elite Tarkan
RockAxe8716
3:15 Loom
13:18 Feudal Age
17:20 Castle Age
17:49 Fletching
22:20 Bodkin Arrow
23:18 Medium Warships
23:15 Double-Bit Axe
23:55 Padded Archer Armor
23:18 Crossbowman
26:01 Forging
26:32 Wheelbarrow
26:35 Horse Collar
27:21 Ballistics
27:39 Heavy Plow
31:29 Thumb Ring
31:38 Town Watch
32:32 Gold Mining
32:33 Stone Mining
37:33 Imperial Age
37:49 Hand Cart
37:37 Town Patrol
38:18 Bracer
38:17 Arbalester
39:35 Leather Archer Armor
40:50 Chemistry
AiM | CaballeroTemplario
4:57 Loom
14:27 Feudal Age
17:45 Wheelbarrow
22:23 Castle Age
21:39 Scale Barding Armor
22:31 Bloodlines
22:49 Double-Bit Axe
24:09 Husbandry
25:30 Fletching
25:52 Light Cavalry
29:02 Town Watch
35:47 Chain Barding Armor
39:47 Bow Saw
YOGRANNYCANTSCRAP
4:54 Loom
13:59 Feudal Age
18:17 Castle Age
20:57 Double-Bit Axe
22:41 Medium Warships
23:27 Bow Saw
24:42 Wheelbarrow
24:25 Forging
24:18 Horse Collar
26:23 Stone Mining
27:25 Gold Mining
27:22 Fishing Lines
29:12 Pikeman
30:02 Scale Mail Armor
31:00 Chain Mail Armor
31:20 Iron Casting
31:20 Squires
32:51 Arson
33:44 Iron Casting
37:26 Imperial Age
35:39 Ironclad
34:47 Man-at-Arms
35:59 Fletching
37:04 Masonry
36:41 Long Swordsman
37:33 Halberdier
37:46 Capped Ram
39:20 Plate Mail Armor
39:50 Blast Furnace
Thundernips, The Ultimate Gigolo
4:49 Loom
12:49 Feudal Age
13:23 Double-Bit Axe
13:52 Town Watch
18:23 Castle Age
20:03 Bow Saw
21:04 Fletching
23:15 Ballistics
23:59 Wheelbarrow
23:51 Fishing Lines
26:25 Horse Collar
27:16 Bodkin Arrow
30:15 Pikeman
36:50 Sanctity
36:41 Fervor
mihai.flacaul
6:01 Loom
13:34 Feudal Age
19:44 Castle Age
Connection lost

Rejoining the realm…

Still unreachable

The connection could not be restored.

Session expired

The server has moved on; the page needs a fresh start.